Map: Blackpink LE

Players

EGG

  • Race: Zerg Zerg
  • League: Grandmaster
  • Spawn Location: 7:00

Semper - Winner!

  • Race: Terran Terran
  • League: Master
  • Spawn Location: 1:00

VOD

Have the link to the VOD?

Description

Time

  • Played on: Feb. 2, 2018, 1:51 p.m.
  • Length: 10:05
Show
View Real Time Build Order
Export as new Build Order

EGG Zerg 

Build Orders: Hatch First 

Get SALT Encoding   

  12  0:01  Drone  
  13  0:13  Overlord  
  13  0:17  Drone  
  14  0:31  Drone x2  
  14  0:35  Drone  
  17  0:53  Hatchery  
  17  0:55  Drone  
  17  0:57  Drone  
  17  1:03  Extractor  
  17  1:12  Spawning Pool  
  17  1:15  Drone  
  17  1:18  Drone  
  18  1:28  Drone  
  19  1:39  Overlord  
  19  1:51  Drone  
  20  2:00  Queen  
  22  2:04  Queen  
  22  2:05  Zergling x4  
  26  2:09  Metabolic Boost  
  27  2:15  Drone x2  
  28  2:32  Hatchery  
  28  2:33  Drone  
  28  2:43  Drone x2  
  28  2:44  Drone x2  
  32  2:51  Queen  
  32  2:56  Overlord  
  34  3:03  Queen  
  36  3:13  Overlord  
  36  3:15  Drone  
  36  3:16  Drone x2  
  36  3:19  Overlord  
  39  3:22  Drone  
  39  3:25  Drone x2  
  42  3:34  Drone x3  
  42  3:35  Drone  
  46  3:41  Evolution Chamber  
  46  3:44  Baneling Nest  
  44  3:49  Queen  
  46  3:56  Queen  
  46  3:58  Drone x3  
  46  4:02  Drone x2  
  53  4:05  Overlord, Extractor  
  52  4:14  Spore Crawler  
  52  4:15  Drone, Spore Crawler  
  51  4:21  Zergling x2  
  51  4:22  Zergling x4  
  54  4:25  Spore Crawler  
  54  4:26  Pneumatized Carapace  
  53  4:38  Queen  
  53  4:41  Drone x3  
  53  4:44  Spore Crawler  
  57  4:53  Overlord  
  55  5:01  Zergling x6  
  47  5:10  Drone  
  47  5:11  Drone x10  
  52  5:19  Drone  
  52  5:20  Drone  
  45  5:26  Drone  
  44  5:41  Drone x2  
  47  5:42  Drone  
  47  5:43  Drone x2  
  47  5:45  Drone x3  
  52  5:57  Drone  
  52  5:58  Drone x5  
  52  6:01  Zerg Melee Weapons Level 1  
  58  6:05  Lair  
  58  6:23  Spore Crawler  
  57  6:32  Drone  
  58  6:33  Overlord x2  
  58  6:35  Extractor  
  58  6:37  Overlord x2  
  58  6:38  Overlord x2  
  57  6:40  Baneling x3  
  57  6:41  Baneling  
  57  6:53  Zergling x18  
  66  7:03  Drone  
  66  7:04  Drone x3  
  66  7:05  Hydralisk Den  
  66  7:06  Drone x2  
  66  7:07  Drone x2, Centrifical Hooks  
  73  7:09  Drone  
  74  7:22  Drone x3  
  77  7:23  Overseer  
  77  7:27  Drone x2  
  77  7:28  Overlord  
  77  7:29  Overlord  
  79  7:36  Zergling x14  
  85  8:04  Drone  
  85  8:05  Drone x4  
  90  8:06  Extractor, Hydralisk x3  
  90  8:07  Hydralisk x5  
  90  8:11  Baneling  
  104  8:13  Extractor  
  103  8:20  Zergling x4  
  103  8:24  Overlord x2  
  105  8:33  Hatchery  
  101  8:44  Drone x2  
  101  8:45  Drone x6  
  101  8:48  Extractor  
  100  8:52  Zergling x14  
  104  8:57  Baneling x7  
  104  9:13  Zergling x12  
  104  9:14  Zergling x4  
  111  9:20  Baneling  
  111  9:21  Baneling x7  
  111  9:23  Zergling x4  
  113  9:24  Overlord x3  
  113  9:35  Infestation Pit, Zergling x2  
  113  9:39  Evolution Chamber  
  113  9:42  Zergling x16  
Show
View Real Time Build Order
Export as new Build Order

Semper Terran - Winner!

Build Orders: Reaper Expand, Hellion Banshee, MMM Bio 

Get SALT Encoding   

  12  0:00  SCV  
  13  0:13  SCV  
  14  0:17  Supply Depot  
  14  0:25  SCV  
  15  0:39  SCV  
  15  0:40  Barracks  
  16  0:44  Refinery  
  16  0:51  SCV  
  17  1:03  SCV  
  18  1:15  SCV  
  19  1:27  Orbital Command  
  19  1:28  Reaper  
  20  1:39  Command Center  
  20  1:51  Supply Depot  
  20  1:53  SCV  
  21  2:00  Marine  
  22  2:06  SCV  
  23  2:09  Factory  
  23  2:15  Refinery  
  23  2:18  SCV  
  23  2:22  Barracks Reactor  
  24  2:35  SCV  
  25  2:47  SCV  
  26  2:52  Orbital Command  
  26  2:54  Starport  
  26  2:59  SCV  
  26  3:04  Hellion x2  
  31  3:07  Barracks Tech Lab  
  31  3:11  SCV  
  32  3:20  SCV  
  32  3:25  Supply Depot, Hellion x2  
  32  3:26  SCV  
  38  3:33  SCV  
  38  3:38  Viking  
  38  3:40  SCV  
  41  3:48  SCV  
  42  3:49  Hellion x2  
  42  3:51  Supply Depot  
  42  3:52  SCV  
  47  3:58  Barracks Tech Lab  
  47  3:59  Cloaking Field  
  47  4:00  SCV  
  48  4:06  SCV  
  48  4:08  Banshee  
  52  4:12  Hellion  
  52  4:16  Supply Depot  
  54  4:21  SCV  
  54  4:22  SCV  
  56  4:24  Marine  
  56  4:27  Stimpack  
  57  4:34  SCV  
  58  4:38  SCV  
  58  4:39  Command Center  
  58  4:42  Marine  
  60  4:49  Barracks  
  60  4:53  Factory Reactor, Barracks, Banshee  
  60  4:54  SCV  
  60  4:55  SCV  
  65  5:01  Marine  
  66  5:11  SCV  
  61  5:19  SCV, Marine  
  61  5:21  Engineering Bay  
  61  5:22  Engineering Bay  
  57  5:36  SCV x2  
  57  5:37  Marine, Refinery  
  57  5:38  Refinery  
  58  5:43  Barracks  
  58  5:46  Barracks  
  58  5:48  Starport Reactor, SCV  
  59  5:51  Marine  
  59  5:52  Siege Tank, Marine  
  59  5:53  Terran Infantry Armor Level 1, Terran Infantry Weapons Level 1  
  59  5:54  Marine  
  59  5:55  SCV  
  66  5:59  Orbital Command  
  66  6:02  Marine x2  
  68  6:05  SCV  
  68  6:08  SCV  
  70  6:12  Marine  
  71  6:18  Marine x2  
  71  6:19  Marine  
  71  6:20  Marine  
  71  6:22  Orbital Command  
  71  6:24  Siege Tank  
  78  6:29  SCV  
  78  6:30  Marine  
  77  6:33  SCV  
  77  6:36  Marine x2  
  77  6:37  Barracks Reactor x2, Marine x2, Combat Shields  
  82  6:41  SCV  
  82  6:45  SCV  
  82  6:46  Supply Depot, Armory  
  84  6:48  Supply Depot  
  84  6:50  SCV  
  85  6:57  Supply Depot  
  85  6:58  Supply Depot  
  85  7:07  Marine x3  
  85  7:08  SCV, Medivac x2  
  93  7:09  SCV x2, Siege Tank, Marine x2  
  100  7:18  Supply Depot  
  100  7:20  SCV, Marine x3  
  100  7:21  SCV x2  
  100  7:22  Supply Depot  
  106  7:24  Supply Depot, Factory  
  106  7:32  SCV, Marine  
  106  7:33  SCV x2  
  106  7:36  Refinery  
  106  7:37  Marine x2, Refinery  
  110  7:38  Supply Depot  
  110  7:40  Marine  
  110  7:41  Siege Tank, Marine  
  116  7:46  Medivac  
  116  7:48  Marine x2  
  116  7:49  Marine x2  
  116  7:50  Marine  
  123  7:54  SCV x2  
  123  7:55  Marine  
  123  7:57  Supply Depot  
  123  7:58  Marine x2  
  121  8:00  SCV  
  124  8:14  SCV, Siege Tank, Marine x7  
  124  8:15  Factory Tech Lab  
  135  8:20  Marine  
  135  8:21  Marine  
  137  8:30  SCV  
  137  8:32  Marine x6  
  144  8:38  SCV  
  144  8:40  Unknown x2  
  145  8:42  Marine x3  
  145  8:44  Siege Tank  
  151  8:50  Marine x2  
  151  8:51  Marine  
  151  8:54  Marine x2  
  155  9:03  Supply Depot, Marine x4  
  155  9:04  Supply Depot  
  155  9:05  Supply Depot  
  155  9:07  Marine  
  155  9:08  Marine  
  161  9:12  Supply Depot  
  161  9:13  Supply Depot  
  161  9:14  Supply Depot  
  161  9:15  Marine  
  161  9:16  Marine, Medivac  
  165  9:24  Medivac  
  165  9:28  Command Center  
  166  9:43  Marine x2  
  166  9:44  Marauder  
Tags
 
Add a new tag
Caveats
  • Supply blocks, unpowered buildings, or Contaminate may cause inaccurate times.
  • Supply counts are checked every 10 seconds.